 Dungeon Crawl Stone Soup version 0.29.1-15-g9cfb28693d (webtiles) character file.

Game seed: 11341891719323162812

205 Mysteryquy the Covered (level 5, -9/33 HPs)
             Began as a Gargoyle Fighter on May 2, 2023.
             Killed by divine providence
             ... invoked by an orc priest
              (14 damage)
             ... on level 3 of the Dungeon.
             The game lasted 00:02:49 (3490 turns).

Mysteryquy the Covered (Gargoyle Fighter)           Turns: 3490, Time: 00:02:49

Health: -9/33      AC: 11    Str: 21    XL:     5   Next: 83%
Magic:  5/5        EV:  9    Int:  9    God:
Gold:   111        SH:  4    Dex:  9    Spells: 4/4 levels left

rFire   . . .      SeeInvis .   a - +0 flail
rCold   . . .      Faith    .   c - +0 buckler
rNeg    + . .      Spirit   .   b - +0 scale mail
rPois   ∞          Reflect  .   (no helmet)
rElec   +          Harm     .   (no cloak)
rCorr   .          Rampage  .   (no gloves)
Will    .....                   (no boots)
Stlth   ..........              (no amulet)
HPRegen 0.11/turn               (no ring)
MPRegen 0.09/turn               (no ring)

@: no status effects
A: sickness immunity, AC +4, negative energy resistance 1, electricity
resistance, torment resistance 1, petrification resistance
a: no special abilities


You were on level 3 of the Dungeon.
You visited 1 branch of the dungeon, and saw 3 of its levels.

You collected 111 gold pieces.

Inventory:

Hand Weapons
 a - a +0 flail (weapon)
Missiles
 h - 3 atropa-tipped darts (quivered)
 s - 4 poisoned darts
Armour
 b - a +0 scale mail (worn)
 c - a +0 buckler (worn)
Jewellery
 l - a +6 ring of intelligence
 o - a ring of fire
 p - a +4 ring of evasion
Scrolls
 d - a scroll of identify {unknown}
 e - a scroll of enchant weapon {unknown}
 i - 2 scrolls of teleportation {unknown}
 k - 2 scrolls of butterflies {unknown}
 q - a scroll of poison {unknown}
 r - a scroll of blinking {unknown}
 u - a scroll of immolation {unknown}
Potions
 f - a potion of curing {unknown}
 g - 2 potions of heal wounds {unknown}
 j - a potion of resistance {unknown}
 m - a potion of ambrosia {unknown}
 n - a potion of berserk rage {unknown}
 t - a potion of lignification {unknown}


   Skills:
 + Level 4.0 Fighting
 + Level 4.0 Maces & Flails
 + Level 4.3 Armour
 + Level 0.9 Dodging
 + Level 0.1 Stealth
 + Level 3.9 Shields


You had 4 spell levels left.
You didn't know any spells.
Your spell library contained the following spells:

 Spells                   Type           Power      Damage    Failure   Level
 Apportation              Tloc           0%         N/A       80%         1
 Alistair's Intoxication  Tmut/Pois      0%         N/A       100%        5
 Summon Forest            Summ/Tloc      0%         N/A       100%        5
 Summon Cactus Giant      Summ           0%         N/A       100%        6
 Dragon's Call            Summ           0%         N/A       100%        9


Dungeon Overview and Level Annotations

Branches:
Dungeon (3/15)

Altars:
Xom


Innate Abilities, Weirdness & Mutations

You are immune to sickness and miasma.
Your stone body is resilient. (AC +4)
You are immune to poison.
You resist negative energy. (rN+)
You are resistant to electric shocks. (rElec)
You are resistant to unholy torment.
You are immune to petrification.


Message History

The orc priest shouts!
The orc wizard mumbles some strange words.
The orc wizard flickers and vanishes!
Deactivating autopickup; reactivate with Ctrl-A.
An orc priest is nearby!
An orc comes into view. It is wielding a +0 dagger.
The orc priest miscasts a cantrip.
An orc comes into view. It is wielding a +0 flail.
You closely miss the orc priest.
The orc shouts!
The orc priest hits you but does no damage.
The orc priest hits you with a +0 dagger.
You sock the orc priest!
The orc priest is heavily wounded.
You block the orc priest's attack.
You barely miss the orc priest.
The orc priest is heavily wounded.
You hit the orc priest.
The orc priest is almost dead.
The orc priest hits you but does no damage.
You barely miss the orc priest.
The orc priest is almost dead.
The orc barely misses you.
The orc priest looks encouraged for a moment.
Something hits you. The orc hits you with a +0 dagger.
The orc priest calls down the wrath of Beogh upon you.
Beogh smites you! Something hits you but does no damage.
The orc attacks as you move away! You block the orc's attack.
Something hits you.
The orc priest mumbles some strange prayers to Beogh against you.
Beogh smites you!
* * * LOW HITPOINT WARNING * * *
The orc attacks as you move away! The orc hits you but does no damage.
The orc attacks as you move away! The orc hits you but does no damage.
You barely miss the orc. The orc closely misses you.
You sock the orc!
You kill the orc!
The orc priest invokes the aid of Beogh against you.
Beogh smites you!
You die...

........#.#.###############.#.#..
#.........#... #####.#.#..
#.........##### #.....#.#..
#....[..... #.#####.#..
..........#. #.# #.#..
#.........#.# #.# #.#..
#####.#####.. #.# #.#..
...###########.# #.###
...#.)@.......# #....
#..#o##################
#####..#.# #............
#####........#o# #.#######....
.............o.# #.# #.###
.............### #.# #.#
############# #.# #.#
##.#######.# #.......)..#


You could see an orc priest.

Vanquished Creatures
  Natasha (thrice) (D:3)
  3 gnolls (D:2)
  2 adders
  A worm (D:2)
  3 dart slugs
  3 orcs (D:3)
  11 ball pythons
  10 endoplasms
  2 giant cockroaches
  4 goblins
  4 hobgoblins
  6 kobolds
  2 quokkas
  10 bats
  3 frilled lizards
  6 rats
73 creatures vanquished.

Notes
Turn   | Place    | Note
-------+----------+-------------------------------------------
     0 | D:1      | Mysteryquy the Gargoyle Fighter began the quest for the
                  | Orb.
     0 | D:1      | Reached XP level 1. HP: 14/14 MP: 1/1
   271 | D:1      | Reached XP level 2. HP: 10/19 MP: 2/2
   735 | D:1      | Reached XP level 3. HP: 23/24 MP: 3/3
  1405 | D:2      | Reached XP level 4. HP: 29/29 MP: 4/4
  1417 | D:2      | Got Dispater's Folio of Adjuration
  2757 | D:3      | Reached XP level 5. HP: 27/33 MP: 5/5
  2820 | D:3      | Found a shimmering altar of Xom.
  2823 | D:3      | Noticed Natasha
  2838 | D:3      | Killed Natasha
  2860 | D:3      | Noticed Natasha
  3042 | D:3      | Killed Natasha
  3349 | D:3      | Noticed Natasha
  3354 | D:3      | Killed Natasha
  3490 | D:3      | Killed from afar by an orc priest

Illustrated notes

Levels and vault maps discovered:
D:1:      psy_arrival_spokes, layout_rooms, serial_aquarium,
          aquarium_bridge_long_joined [aquarium_subvault_bridge,
          aquarium_subvault_balcony, aquarium_subvault_window,
          aquarium_subvault_bridge, aquarium_subvault_window,
          aquarium_subvault_window], aquarium_window_corridor_1,
          aquarium_window_2, aquarium_view_2c
D:2:      layout_loops_ring, kennysheep_nondescript
D:3:      layout_basic, lemuel_tele_altar, uniq_natasha

Skill      XL: |  1  2  3  4  5 |
---------------+----------------+-----
Maces & Flails | 3 4 |  4.0
Armour         | 4 |  4.3
Fighting       | 4 |  4.0
Dodging        | |  0.9
Stealth        | |  0.1
Shields        | |  3.9

Action                   |  1- 3 |  4- 6 || total
-------------------------+-------+-------++-------
Melee: Flail             |   129 |   146 ||   275
  Use: Potion            |       |     1 ||     1
Armor: Scale mail        |    94 |    50 ||   144
Dodge: Dodged            |    67 |    58 ||   125
Block: Buckler           |    35 |    28 ||    63
